| TOP OF THE 1ST |
|
Clinton Pilots batting - Pitching for Quad Cities Angels : LHP Ernie Ramirez
|
|
Pitching: LHP Ernie Ramirez
|
|
|
Batting: RHB Danny Chairez
|
0-0: Ball 1-0: Fly out, F8 (Flyball, 78D, EV 94.4 MPH)
|
|
Batting: RHB Alberto Reyes
|
0-0: Ball 1-0: Foul Ball, location: 2F 1-1: Ball 2-1: Fly out, F7 (Line Drive, 7, EV 106.9 MPH)
|
|
Batting: SHB Alan Regier
|
0-0: Called Strike 0-1: Ball 1-1: Swinging Strike 1-2: Ball 2-2: Ball 3-2: Foul Ball, location: 2F 3-2: Base on Balls
|
|
Batting: RHB Abe Rael
|
0-0: Called Strike 0-1: Ball 1-1: Ground out 3-1 (Groundball, 34S, EV 85.6 MPH)
|
| Top of the 1st over - 0 runs, 0 hits, 0 errors, 1 left on base; Clinton 0 - Quad Cities 0 |
| BOTTOM OF THE 1ST |
|
Quad Cities Angels batting - Pitching for Clinton Pilots : LHP Michael Weiermiller
|
|
Pitching: LHP Michael Weiermiller
|
|
|
Batting: RHB Mike Sharperson
|
0-0: Foul Ball, location: 2F 0-1: Ball 1-1: Ball 2-1: Ground out 1-3 (Groundball, 34S, EV 65.6 MPH)
|
|
Batting: RHB Greg Griffin
|
0-0: Ball 1-0: Called Strike 1-1: Foul Ball, location: 2F 1-2: Fly out, F8 (Flyball, 89D, EV 91.3 MPH)
|
|
Batting: LHB Bob Helsom
|
0-0: Foul Ball, location: 2F 0-1: SINGLE (Line Drive, 56, EV 101.9 MPH)
|
|
Batting: RHB Rolando Roomes
|
0-0: Ball 1-0: Ball 2-0: Fielders Choice at 2nd, U4 (Groundball, 4M, EV 110.6 MPH)
|
| Bottom of the 1st over - 0 runs, 1 hit, 0 errors, 1 left on base; Clinton 0 - Quad Cities 0 |
| TOP OF THE 2ND |
|
Clinton Pilots batting - Pitching for Quad Cities Angels : LHP Ernie Ramirez
|
|
Batting: RHB Joseph Rietano
|
0-0: Fly out, F9 (Flyball, 9LS, EV 89.4 MPH)
|
|
Batting: RHB Barry Siebert
|
0-0: Ball 1-0: Ball 2-0: Called Strike 2-1: Fly out, F9 (Flyball, 9, EV 89.4 MPH)
|
|
Batting: RHB Donn Koch
|
0-0: Ball 1-0: Foul Ball, location: 2F 1-1: Ball 2-1: Ball 3-1: Called Strike 3-2: Ground out 4-3 (Groundball, 4S, EV 84.4 MPH)
|
| Top of the 2nd over - 0 runs, 0 hits, 0 errors, 0 left on base; Clinton 0 - Quad Cities 0 |
| BOTTOM OF THE 2ND |
|
Quad Cities Angels batting - Pitching for Clinton Pilots : LHP Michael Weiermiller
|
|
Batting: SHB Danny Montero
|
0-0: Ball 1-0: Called Strike 1-1: Called Strike 1-2: Ball 2-2: Foul Ball, location: 2F 2-2: Ball 3-2: SINGLE (Groundball, 4D, EV 103.1 MPH)
|
|
Batting: RHB Oscar Mejia
|
0-0: Called Strike 0-1: 2-RUN HOME RUN (Flyball, 78XD, EV 96.3 MPH), Distance : 408 ft
|
|
Batting: LHB Matteo Allucingoli
|
0-0: Called Strike 0-1: Ball 1-1: Called Strike 1-2: Foul Ball, location: 2F 1-2: Ball 2-2: Fly out, F4 (Popup, 4M, EV 73.1 MPH)
|
|
Batting: RHB Bruce Benedict
|
0-0: Ball 1-0: Foul Ball, location: 2F 1-1: Ball 2-1: Fly out, F8 (Flyball, 8LM, EV 94.4 MPH)
|
|
Batting: SHB Frank Diaz
|
0-0: Ground out 6-3 (Groundball, 6, EV 101.3 MPH)
|
| Bottom of the 2nd over - 2 runs, 2 hits, 0 errors, 0 left on base; Clinton 0 - Quad Cities 2 |
| TOP OF THE 3RD |
|
Clinton Pilots batting - Pitching for Quad Cities Angels : LHP Ernie Ramirez
|
|
Batting: LHB Epifano Martinez
|
0-0: Called Strike 0-1: Reached on error, E4 (Groundball, 4S, EV 86.9 MPH)
|
|
Batting: RHB Tom Riley
|
0-0: Swinging Strike 0-1: Fly out, F4 (Flyball, 4D, EV 82.5 MPH)
|
|
Batting: RHB Danny Chairez
|
0-0: Called Strike 0-1: Swinging Strike 0-2: SINGLE (Flyball, 5D, EV 89.4 MPH) Epifano Martinez to second
|
|
Batting: RHB Alberto Reyes
|
0-0: Ball 1-0: Ball 2-0: Ball 3-0: Called Strike 3-1: Fly out, F8 (Flyball, 8RS, EV 91.3 MPH)
|
|
Batting: SHB Alan Regier
|
0-0: Ball 1-0: Ball 2-0: Ball 3-0: Called Strike 3-1: Swinging Strike 3-2: SINGLE (Groundball, 56S, EV 74.4 MPH) (infield hit) Epifano Martinez to third Danny Chairez to second
|
|
Batting: RHB Abe Rael
|
0-0: SINGLE (Line Drive, 89S, EV 101.3 MPH) Epifano Martinez scores Danny Chairez to third Alan Regier to second Runner from 3rd tries for Home, SAFE, throw by RF to home
|
|
Batting: RHB Joseph Rietano
|
0-0: Called Strike 0-1: Fly out, F4 (Popup, 4D, EV 46.9 MPH)
|
| Top of the 3rd over - 2 runs, 3 hits, 1 error, 2 left on base; Clinton 2 - Quad Cities 2 |
| BOTTOM OF THE 3RD |
|
Quad Cities Angels batting - Pitching for Clinton Pilots : LHP Michael Weiermiller
|
|
Batting: RHB Mike Sharperson
|
0-0: Called Strike 0-1: Ball 1-1: Ball 2-1: Fly out, F8 (Line Drive, 8RD, EV 91.3 MPH)
|
|
Batting: RHB Greg Griffin
|
0-0: Ball 1-0: SINGLE (Groundball, 6MD, EV 101.9 MPH)
|
|
Batting: LHB Bob Helsom
|
0-0: Ball 1-0: Fly out, F8 (Flyball, 8LXD, EV 101.9 MPH)
|
|
Batting: RHB Rolando Roomes
|
0-0: Called Strike 0-1: SINGLE (Groundball, P, EV 88.1 MPH) (infield hit) Greg Griffin to second
|
|
Batting: SHB Danny Montero
|
0-0: Foul Ball, location: 2F 0-1: Ball 1-1: Called Strike 1-2: Foul Ball, location: 2F 1-2: Strikes out swinging
|
| Bottom of the 3rd over - 0 runs, 2 hits, 0 errors, 2 left on base; Clinton 2 - Quad Cities 2 |
| TOP OF THE 4TH |
|
Clinton Pilots batting - Pitching for Quad Cities Angels : LHP Ernie Ramirez
|
|
Batting: RHB Barry Siebert
|
0-0: Swinging Strike 0-1: Ground out 6-3 (Groundball, 6S, EV 63.8 MPH)
|
|
Batting: RHB Donn Koch
|
0-0: Ball 1-0: Ground out 5-3 (Groundball, 56, EV 103.8 MPH)
|
|
Batting: LHB Epifano Martinez
|
0-0: Ball 1-0: Swinging Strike 1-1: Called Strike 1-2: Fly out, F3 (Popup, 3F, EV 60.0 MPH)
|
| Top of the 4th over - 0 runs, 0 hits, 0 errors, 0 left on base; Clinton 2 - Quad Cities 2 |
| BOTTOM OF THE 4TH |
|
Quad Cities Angels batting - Pitching for Clinton Pilots : LHP Michael Weiermiller
|
|
Batting: RHB Oscar Mejia
|
0-0: Ball 1-0: Ball 2-0: Called Strike 2-1: Fly out, F6 (Flyball, 6MD, EV 91.9 MPH)
|
|
Batting: LHB Matteo Allucingoli
|
0-0: Ball 1-0: Ball 2-0: Ground out U3 (Groundball, 3, EV 84.4 MPH)
|
|
Batting: RHB Bruce Benedict
|
0-0: Ball 1-0: Foul Ball, location: 2F 1-1: Ball 2-1: Foul Ball, location: 2F 2-2: Foul Ball, location: 2F 2-2: Strikes out swinging
|
| Bottom of the 4th over - 0 runs, 0 hits, 0 errors, 0 left on base; Clinton 2 - Quad Cities 2 |
| TOP OF THE 5TH |
|
Clinton Pilots batting - Pitching for Quad Cities Angels : LHP Ernie Ramirez
|
|
Batting: RHB Tom Riley
|
0-0: Foul Ball, location: 2F 0-1: Ground out 4-3 (Groundball, 4, EV 89.4 MPH)
|
|
Batting: RHB Danny Chairez
|
0-0: Called Strike 0-1: Ball 1-1: Ball 2-1: Called Strike 2-2: SINGLE (Groundball, 5D, EV 97.5 MPH)
|
|
Batting: RHB Alberto Reyes
|
0-0: Called Strike 0-1: Fly out, F8 (Flyball, 78S, EV 86.3 MPH)
|
|
Batting: SHB Alan Regier
|
0-0: Ball Danny Chairez is caught stealing 2nd base 2-4
|
| Top of the 5th over - 0 runs, 1 hit, 0 errors, 0 left on base; Clinton 2 - Quad Cities 2 |
| BOTTOM OF THE 5TH |
|
Quad Cities Angels batting - Pitching for Clinton Pilots : LHP Michael Weiermiller
|
|
Batting: SHB Frank Diaz
|
0-0: Called Strike 0-1: Ball 1-1: Foul Ball, location: 2F 1-2: Strikes out swinging
|
|
Batting: RHB Mike Sharperson
|
0-0: Ball 1-0: Called Strike 1-1: Ball 2-1: Ground out 6-3 (Groundball, 4M, EV 91.3 MPH)
|
|
Batting: RHB Greg Griffin
|
0-0: SOLO HOME RUN (Flyball, 7D, EV 92.5 MPH), Distance : 374 ft
|
|
Batting: LHB Bob Helsom
|
0-0: Ball 1-0: Foul Ball, location: 2F 1-1: Ball 2-1: Foul Ball, location: 2F 2-2: Strikes out swinging
|
| Bottom of the 5th over - 1 run, 1 hit, 0 errors, 0 left on base; Clinton 2 - Quad Cities 3 |
| TOP OF THE 6TH |
|
Clinton Pilots batting - Pitching for Quad Cities Angels : LHP Ernie Ramirez
|
|
Batting: SHB Alan Regier
|
0-0: Foul Ball, location: 2F 0-1: Foul Ball, location: 2F 0-2: Strikes out swinging
|
|
Batting: RHB Abe Rael
|
0-0: Called Strike 0-1: Ball 1-1: Called Strike 1-2: Ground out 5-3 (Groundball, 56, EV 105.6 MPH)
|
|
Batting: RHB Joseph Rietano
|
0-0: Ball 1-0: Foul Ball, location: 2F 1-1: Ground out 5-3 (Groundball, 56, EV 96.3 MPH)
|
| Top of the 6th over - 0 runs, 0 hits, 0 errors, 0 left on base; Clinton 2 - Quad Cities 3 |
| BOTTOM OF THE 6TH |
|
Quad Cities Angels batting - Pitching for Clinton Pilots : LHP Michael Weiermiller
|
|
Batting: RHB Rolando Roomes
|
0-0: Ball 1-0: Ground out 6-3 (Groundball, 6, EV 92.5 MPH)
|
|
Batting: SHB Danny Montero
|
0-0: Ball 1-0: Ground out 6-3 (Groundball, 6, EV 83.8 MPH)
|
|
Batting: RHB Oscar Mejia
|
0-0: Ball 1-0: Ball 2-0: Ball 3-0: Called Strike 3-1: Fly out, F7 (Flyball, 7S, EV 88.8 MPH)
|
| Bottom of the 6th over - 0 runs, 0 hits, 0 errors, 0 left on base; Clinton 2 - Quad Cities 3 |
| TOP OF THE 7TH |
|
Clinton Pilots batting - Pitching for Quad Cities Angels : LHP Ernie Ramirez
|
|
Batting: RHB Barry Siebert
|
0-0: Ground out 5-3 (Groundball, 56S, EV 84.4 MPH)
|
|
Batting: RHB Donn Koch
|
0-0: Swinging Strike 0-1: Ball 1-1: Swinging Strike 1-2: Foul Ball, location: 2F 1-2: Ball 2-2: Ball 3-2: Foul Ball, location: 2F 3-2: Foul Ball, location: 2F 3-2: Foul Ball, location: 2F 3-2: Base on Balls
|
|
Pinch Hitting: RHB Ferdinand Rivera
|
0-0: Ball 1-0: Called Strike 1-1: Ball 2-1: Ball 3-1: Foul Ball, location: 2F 3-2: SINGLE (Groundball, P, EV 88.8 MPH) (infield hit) Donn Koch to second
|
|
Batting: RHB Tom Riley
|
0-0: Called Strike 0-1: Ball 1-1: Called Strike 1-2: Foul Ball, location: 2F 1-2: Foul Ball, location: 2F 1-2: Fly out, F9 (Flyball, 9, EV 83.1 MPH)
|
|
Batting: RHB Danny Chairez
|
0-0: Ball 1-0: Ball 2-0: SINGLE (Groundball, 6S, EV 69.4 MPH) (infield hit) Donn Koch to third Ferdinand Rivera to second
|
|
Batting: RHB Alberto Reyes
|
0-0: Ball 1-0: Fly out, F8 (Flyball, 78D, EV 77.5 MPH)
|
| Top of the 7th over - 0 runs, 2 hits, 0 errors, 3 left on base; Clinton 2 - Quad Cities 3 |
| BOTTOM OF THE 7TH |
|
Quad Cities Angels batting - Pitching for Clinton Pilots : LHP Michael Weiermiller
|
|
Now in LF: Ferdinand Rivera
|
|
|
Batting: LHB Matteo Allucingoli
|
0-0: Ball 1-0: Called Strike 1-1: Swinging Strike 1-2: Ball 2-2: Strikes out swinging
|
|
Batting: RHB Bruce Benedict
|
0-0: Swinging Strike 0-1: Ball 1-1: Ball 2-1: Ball 3-1: Fly out, F3 (Popup, 3F, EV 60.0 MPH)
|
|
Batting: SHB Frank Diaz
|
0-0: Ball 1-0: Ball 2-0: Ball 3-0: Called Strike 3-1: Called Strike 3-2: Foul Ball, location: 2F 3-2: Base on Balls
|
|
Batting: RHB Mike Sharperson
|
0-0: Called Strike 0-1: Ball 1-1: Ball 2-1: Ball 3-1: Foul Ball, location: 2F 3-2: SINGLE (Line Drive, 78S, EV 90.6 MPH) Frank Diaz to second Frank Diaz to third
|
|
Batting: RHB Greg Griffin
|
0-0: Ball 1-0: Fly out, F8 (Flyball, 8LM, EV 90.6 MPH)
|
| Bottom of the 7th over - 0 runs, 1 hit, 0 errors, 2 left on base; Clinton 2 - Quad Cities 3 |
| TOP OF THE 8TH |
|
Clinton Pilots batting - Pitching for Quad Cities Angels : LHP Ernie Ramirez
|
|
Batting: SHB Alan Regier
|
0-0: Called Strike 0-1: Called Strike 0-2: SOLO HOME RUN (Flyball, 78XD, EV 100.6 MPH), Distance : 422 ft
|
|
Batting: RHB Abe Rael
|
0-0: Ball 1-0: Foul Ball, location: 2F 1-1: SINGLE (Flyball, 3D, EV 81.9 MPH)
|
|
Batting: RHB Joseph Rietano
|
0-0: Called Strike 0-1: Called Strike 0-2: Ball 1-2: Foul Ball, location: 2F 1-2: Fly out, F8 (Flyball, 89D, EV 95.6 MPH)
|
|
Batting: RHB Barry Siebert
|
0-0: Sac Bunt to 2L - play at first, batter OUT! 2-4 Abe Rael to second
|
|
Batting: RHB Donn Koch
|
0-0: Ball 1-0: Ground out 5-3 (Groundball, 5, EV 81.3 MPH)
|
| Top of the 8th over - 1 run, 2 hits, 0 errors, 1 left on base; Clinton 3 - Quad Cities 3 |
| BOTTOM OF THE 8TH |
|
Quad Cities Angels batting - Pitching for Clinton Pilots : LHP Michael Weiermiller
|
|
Batting: LHB Bob Helsom
|
0-0: Ball 1-0: Ball 2-0: Ground out 4-3 (Groundball, 4D, EV 111.3 MPH)
|
|
Batting: RHB Rolando Roomes
|
0-0: Called Strike 0-1: Foul Ball, location: 2F 0-2: Ball 1-2: Strikes out swinging
|
|
Batting: SHB Danny Montero
|
0-0: Called Strike 0-1: Foul Ball, location: 2F 0-2: Foul Ball, location: 2F 0-2: Strikes out swinging
|
| Bottom of the 8th over - 0 runs, 0 hits, 0 errors, 0 left on base; Clinton 3 - Quad Cities 3 |
| TOP OF THE 9TH |
|
Clinton Pilots batting - Pitching for Quad Cities Angels : LHP Ernie Ramirez
|
|
Pitching: RHP Charles Belk
|
|
|
Batting: RHB Ferdinand Rivera
|
0-0: Called Strike 0-1: Called Strike 0-2: Foul Ball, location: 2F 0-2: Foul Ball, location: 2F 0-2: Ball 1-2: Strikes out swinging
|
|
Batting: RHB Tom Riley
|
0-0: Ground out 6-3 (Groundball, P, EV 91.3 MPH)
|
|
Pinch Hitting: LHB Darryl Stephens
|
0-0: Ball 1-0: Foul Ball, location: 2F 1-1: Called Strike 1-2: Ground out U3 (Groundball, 3L, EV 107.5 MPH)
|
| Top of the 9th over - 0 runs, 0 hits, 0 errors, 0 left on base; Clinton 3 - Quad Cities 3 |
| BOTTOM OF THE 9TH |
|
Quad Cities Angels batting - Pitching for Clinton Pilots : LHP Michael Weiermiller
|
|
Pitching: RHP Robert Davis
|
|
|
Now at SS: Bert Pena
|
|
|
Batting: RHB Oscar Mejia
|
0-0: Called Strike 0-1: SINGLE (Line Drive, 89S, EV 95.6 MPH)
|
|
Batting: LHB Matteo Allucingoli
|
0-0: Called Strike 0-1: SINGLE (Flyball, 34D, EV 91.3 MPH) Oscar Mejia to second Runner from 2nd tries for 3rd, SAFE, throw by RF made to third
|
|
Pinch Hitting: LHB Chuck Sandberg
|
0-0: Ball 1-0: Ball 2-0: Fly out, F8 (Flyball, 89D, EV 99.4 MPH) Runner from 3rd tags up, SCORES, throw by CF
|
| Bottom of the 9th over - 1 run, 2 hits, 0 errors, 0 left on base; Clinton 3 - Quad Cities 4 |
|